 Dungeon Crawl Stone Soup version 0.19-a0-1568-gdd01aac (webtiles) character file.

62 Alarkh the Grave Robber (level 3, 0/24 HPs)
             Began as a Mummy Necromancer on Sept 15, 2016.
             Killed from afar by an orc wizard (7 damage)
             ... with a magic dart
             ... on level 2 of the Dungeon.
             The game lasted 00:02:00 (2163 turns).

Alarkh the Grave Robber (Mummy Necromancer)         Turns: 2163, Time: 00:02:01

Health: 0/24       AC:  2    Str: 11    XL:     3   Next: 85%
Magic:  0/16       EV: 12    Int: 15    God:
Gold:   70         SH:  0    Dex: 12    Spells: 2 memorised, 4 levels left

rFire  . . .     SeeInvis .     (no weapon)
rCold  . . .     Gourm    .     a - +0 robe
rNeg   + + +     Faith    .     (no shield)
rPois  ∞         Spirit   .     (no helmet)
rElec  .         Dismiss  .     (no cloak)
rCorr  .         Reflect  .     (no gloves)
MR     .....     Harm     .     (no boots)
Stlth  ++........               (no amulet)
                                e - ring of magical power
                                c - ring of fire

@: very slightly contaminated
A: no food or potions, fire vulnerability, cold resistance 1, negative energy
resistance 3, torment resistance, unbreathing
a: no special abilities


You were on level 2 of the Dungeon.
You were not hungry.

You visited 1 branch of the dungeon, and saw 3 of its levels.

You collected 70 gold pieces.

Inventory:

Armour
 a - a +0 robe (worn)
Jewellery
 c - a ring of fire (left hand)
 e - a ring of magical power (right hand)
 h - an uncursed amulet of rage
Scrolls
 d - 3 scrolls of teleportation {unknown}
 f - a scroll of remove curse {unknown}
 g - a scroll of immolation {unknown}
 i - a scroll of recharging {unknown}
 j - a scroll of random uselessness {unknown}
 k - a scroll of amnesia {unknown}
 l - a scroll of fog {unknown}
Books
 b - a book of Necromancy

   Spells                             Type                      Level
   a - Pain                           Necromancy                   1
   b - Animate Skeleton               Necromancy                   1
   c - Vampiric Draining              Necromancy                   3
   d - Regeneration                   Charms/Necromancy            3
   e - Animate Dead                   Necromancy                   4
   f - Control Undead                 Necromancy                   4


   Skills:
 - Level 1.5 Dodging
 - Level 1.5 Stealth
 + Level 3.2 Spellcasting
 + Level 4.7 Necromancy


You had 4 spell levels left.
You knew the following spells:

 Your Spells              Type           Power        Failure   Level  Hunger
a - Pain                  Necr           ###.         2%          1    N/A
b - Vampiric Draining     Necr           ###.......   10%         3    N/A

Dungeon Overview and Level Annotations

Branches:
Dungeon (3/15)

Altars:

Annotations:
D:2 Sigmund


Innate Abilities, Weirdness & Mutations

You do not eat or drink.
Your flesh is vulnerable to fire.
You are immune to poison.
Your flesh is cold resistant. (rC+)
You are immune to negative energy. (rN+++)
You are immune to unholy pain and torment.
You can survive without breathing.


Message History

Found an escape hatch in the floor.
There is a stone staircase leading down here.
Casting: Vampiric Draining
Confirm with . or Enter, or press ? or * to list all spells.
Aiming: Vampiric Draining
Press: ? - help, Shift-Dir - straight line, f - orc wizard
Aim: an orc wizard, wielding a dagger and wearing a runed robe (moderately wounded, fast)
The orc wizard is heavily wounded.
You feel life coursing into your body.
The orc wizard hits you with a dagger. x2
* * * LOW HITPOINT WARNING * * *
Casting: Vampiric Draining
Confirm with . or Enter, or press ? or * to list all spells.
Aiming: Vampiric Draining
Press: ? - help, Shift-Dir - straight line, f/p - orc wizard
Aim: an orc wizard, wielding a dagger and wearing a runed robe (heavily wounded, fast)
The orc wizard is severely wounded.
You feel life coursing into your body.
The orc wizard gestures at you while chanting.
The magic dart hits you!
You die...

###### .
#....####.#
####........
.........
#####....####.#
####
.......@.......
...
#######o#.###>#
.. #.# .. # #.#
## # #.# # #.###
#.#########...#
#...........#.###
#...............
.#


You could see an orc wizard.

Vanquished Creatures
  Natasha (D:2)
  An adder (D:3)
  A dart slug (D:1)
  A leopard gecko (D:1)
  3 bats
  2 goblins
  5 hobgoblins
  A ball python (D:1)
  A frilled lizard (D:2)
  4 kobolds
  6 rats
26 creatures vanquished.

Notes
Turn   | Place    | Note
-------+----------+-------------------------------------------
     0 | D:1      | Alarkh the Mummy Necromancer began the quest for the Orb.
     0 | D:1      | Reached XP level 1. HP: 13/13 MP: 3/3
   928 | D:1      | Reached XP level 2. HP: 19/19 MP: 3/5
  1470 | D:2      | Noticed Natasha
  1479 | D:2      | Killed Natasha
  1479 | D:2      | Reached XP level 3. HP: 1/24 MP: 7/7
  1866 | D:1      | Learned a level 3 spell: Vampiric Draining
  1952 | D:2      | Noticed Sigmund
  2163 | D:2      | Killed from afar by an orc wizard

Vault maps used:
D:1:      noname_arrival_rooms_in_the_neighbourhood, st_stairs_3
D:2:      serial_bayou_pond_e, uniq_robin, uniq_natasha, uniq_sigmund

Skill      XL: |  1  2  3 |
---------------+----------+-----
Spellcasting   | 3 |  3.2
Dodging        | |  1.5
Stealth        | |  1.5
Necromancy     | |  4.7

Action                   || total
-------------------------++-------
Melee: Unarmed           ||    16
 Cast: Pain              ||    64
       Vampiric Draining ||     3
Armor: Robe              ||     7
Dodge: Dodged            ||    29
